 Dungeon Crawl Stone Soup version 0.26-a0-661-g406de6ba63 (webtiles) character file.

Game seed: 5466044875848053974

135 timneilson the Covered (level 5, -8/33 HPs)
             Began as a Gargoyle Fighter on Oct 8, 2020.
             Splashed by a jelly's acid (9 damage)
             ... on level 3 of the Dungeon.
             The game lasted 00:02:49 (2137 turns).

timneilson the Covered (Gargoyle Fighter)           Turns: 2137, Time: 00:02:51

Health: -8/33      AC:  3    Str: 21    XL:     5   Next: 18%
Magic:  5/5        EV:  7    Int:  8    God:
Gold:   95         SH:  9    Dex:  9    Spells: 4/4 levels left

rFire    . . .     SeeInvis .   a - +1 long sword
rCold    . . .     Faith    .   c - +0 kite shield
rNeg     + . .     Spirit   .   b - +0 scale mail
rPois    ∞         Reflect  .   (no helmet)
rElec    +         Harm     .   (no cloak)
rCorr    .         Rampage  .   (no gloves)
MR       .....                  (no boots)
Stlth    ..........             (no amulet)
HPRegen  0.11/turn              j - +4 ring of protection
MPRegen  0.09/turn              (no ring)

@: corroded
A: negative energy resistance 1, electricity resistance, unbreathing,
petrification resistance, rot immunity, AC +4
a: no special abilities


You were on level 3 of the Dungeon.
You visited 1 branch of the dungeon, and saw 3 of its levels.

You collected 95 gold pieces.

Inventory:

Hand Weapons
 a - a +1 long sword (weapon)
Armour
 b - a +0 scale mail (worn)
 c - a +0 kite shield (worn)
 f - a cursed +0 chain mail
Jewellery
 j - a +4 ring of protection (left hand)
 k - an uncursed amulet of faith
Scrolls
 g - a scroll of noise {unknown}
 h - a scroll of blinking {unknown}
 m - a scroll of identify
Potions
 d - 2 potions of might
 e - 2 potions of curing
 i - a potion of invisibility {unknown}
 l - a potion of haste {unknown}


   Skills:
 + Level 3.8 Fighting
 * Level 2.8 Long Blades
 * Level 4.4 Armour
 * Level 4.3 Shields


You had 4 spell levels left.
You didn't know any spells.
Your spell library was empty.

Dungeon Overview and Level Annotations

Branches:
Dungeon (3/15)

Altars:
Kikubaaqudgha
Wu Jian
Yredelemnul


Innate Abilities, Weirdness & Mutations

You are resistant to torment.
Your stone body is resilient. (AC +4)
You are immune to poison.
You resist negative energy. (rN+)
You are resistant to electric shocks. (rElec)
You can survive without breathing.
You are immune to petrification.
You are immune to rotting.


Message History

The jelly is almost dead.
The jelly hits you but does no damage.
You hit the jelly but do no damage.
Your hands burn!
* * * LOW HITPOINT WARNING * * *
The jelly is almost dead.
You block the jelly's attack. x2
Your shield prevents you from hitting the jelly.
The jelly is almost dead.
You block the jelly's attack.
You hit the jelly but do no damage.
Your hands burn!
* * * LOW HITPOINT WARNING * * *
The jelly is almost dead.
The jelly hits you but does no damage. You block the jelly's attack.
You hit the jelly but do no damage. The acid corrodes you!
Your hands burn!
* * * LOW HITPOINT WARNING * * *
The jelly is almost dead.
The jelly hits you.
* * * LOW HITPOINT WARNING * * *
You are splashed with acid!
You die...

/.## ...####.
.......
..#... #....#
###....#
######..J#..#
#......#@...#
#.# #..#.##
##.#####.##
.# #........#
# ##...######
##...##
#...## #####
#..##
####...#
##..#
##....#####


You could see a jelly.

Vanquished Creatures
  An orc priest (D:3)
  An orc wizard (D:3)
  3 adders (D:2)
  4 dart slugs
  2 leopard geckos
  3 orcs
  A ball python (D:2)
  A giant cockroach (D:1)
  3 hobgoblins (D:1)
  4 jackals (D:2)
  2 quokkas (D:2)
  4 bats
  3 frilled lizards
  4 kobolds (D:2)
  5 rats
  A spectral orc (D:2)
42 creatures vanquished.

Vanquished Creatures (others)
  A human (D:2)
1 creature vanquished.

Grand Total: 43 creatures vanquished

Notes
Turn   | Place    | Note
-------+----------+-------------------------------------------
     0 | D:1      | timneilson the Gargoyle Fighter began the quest for the
                  | Orb.
     0 | D:1      | Reached XP level 1. HP: 14/14 MP: 1/1
   296 | D:1      | Reached XP level 2. HP: 19/19 MP: 2/2
   934 | D:2      | Found an ornate altar of the Wu Jian Council.
   944 | D:2      | Reached XP level 3. HP: 19/23 MP: 3/3
  1042 | D:2      | Found a basalt altar of Yredelemnul.
  1286 | D:2      | Reached XP level 4. HP: 28/28 MP: 4/4
  1421 | D:2      | Found an ancient bone altar of Kikubaaqudgha.
  1422 | D:2      | Noticed a human
  1424 | D:2      | Killed a human
  2011 | D:3      | Reached XP level 5. HP: 28/33 MP: 5/5
  2137 | D:3      | HP: 1/33 [jelly (2)]
  2137 | D:3      | Splashed by a jelly's acid

Illustrated notes

Levels and vault maps discovered:
D:1:      dpeg_arrival_water_temple_mockup, layout_loops_corners,
          hangedman_decor_slide_cut, minmay_misc_feat_enclosed
D:2:      layout_basic, yredelemnul_forgotten_temple_becter,
          nicolae_overflow_crystal_walls, tgw_kikubaaqudgha
D:3:      layout_rooms, overflow_temple_1_default,
          chequers_temple_overflow_statue_of_worship, kennysheep_big_empty_room

Skill      XL: |  1  2  3 |
---------------+----------+-----
Long Blades    | 2 |  2.8
Armour         | 4 |  4.4
Shields        | 4 |  4.3
Fighting       | |  3.8

Action                   |  1- 3 |  4- 6 || total
-------------------------+-------+-------++-------
Melee: Long sword        |   101 |    56 ||   157
  Use: Scroll            |     1 |     3 ||     4
Armor: Scale mail        |    65 |    38 ||   103
Dodge: Dodged            |    35 |    20 ||    55
Block: Kite shield       |    73 |    36 ||   109
       Rpst.: Long sword |    10 |    11 ||    21

Table legend: (Time is in decaauts)
 A = Elapsed time spent in this place.
 B = Non-inter-level travel time spent in this place.
 C = Inter-level travel time spent in this place.
 D = Time resting spent in this place.
 E = Time spent auto-exploring this place.
 F = Levels seen in this place.
 G = Mean time per level.
                   A        B        C        D        E       F      G
               +--------+--------+--------+--------+--------+-----+--------+
         Total |   2199 |   2146 |     53 |    179 |   1568 |   3 |  733.0 |
       Dungeon |   2199 |   2146 |     53 |    179 |   1568 |   3 |  733.0 |
               +--------+--------+--------+--------+--------+-----+--------+

Top non-repeatable levels by time:
     D:2: 1066 daAuts
     D:1: 953 daAuts
     D:3: 180 daAuts
